 Dungeon Crawl Stone Soup version 0.31-a0-232-gb1c03b2570 (webtiles) character file.

Game seed: 16832409136040590989

430 qw the Shooter (level 6, -5/56 HPs)
             Began as a Minotaur Hexslinger on July 6, 2023.
             Killed from afar by Dowan (10 damage)
             ... with a stone arrow
             ... on level 4 of the Dungeon.
             The game lasted 00:01:15 (2859 turns).

qw the Shooter (Minotaur Hexslinger)                Turns: 2859, Time: 00:01:16

Health: -5/56      AC:  6    Str: 12    XL:     6   Next: 66%
Magic:  6/6        EV: 12    Int: 10    God:
Gold:   174        SH:  0    Dex: 18    Spells: 6/7 levels left

rFire   . . .        Y - +2 sling (freeze)
rCold   . . .        (no shield)
rNeg    . . .        a - +0 leather armour
rPois   .            (helmet restricted)
rElec   .            (no cloak)
rCorr   .            g - +1 pair of gloves {Dex+3}
SInv    .            d - +0 pair of boots
Will    .....        i - amulet of faith
Stlth   +            (no ring)
HPRegen 0.29/turn    (no ring)
MPRegen 0.10/turn

%: faith
@: no status effects
A: horns 2, retaliatory headbutt
a: no special abilities


You were on level 4 of the Dungeon.
You visited 1 branch of the dungeon, and saw 4 of its levels.

You collected 174 gold pieces.


Innate Abilities, Weirdness & Mutations

You have a pair of horns on your head.
You reflexively headbutt those who attack you in melee.


   Skills:
 - Level 5.1 Fighting
 + Level 6.1 Ranged Weapons
 - Level 1.8 Armour
 - Level 2.1 Dodging
 - Level 1.0 Spellcasting
 - Level 2.0 Hexes


You had 6 spell levels left.
You knew the following spells:

 Your Spells              Type           Power      Damage    Failure   Level
a - Slow                  Hex            16%        N/A       19%         1

Your spell library contained the following spells:

 Spells                   Type           Power      Damage    Failure   Level
 Inner Flame              Hex/Fire       2%         N/A       65%         3
 Portal Projectile        Hex/Tloc       4%         N/A       65%         3
 Cause Fear               Hex            2%         N/A       88%         4

Inventory:

Hand Weapons
 Y - a +2 sling of freezing (weapon)
Armour
 a - a +0 leather armour (worn)
 d - a +0 pair of boots (worn)
 g - a +1 pair of gloves of dexterity (worn)
Jewellery
 e - an amulet of regeneration
 i - an amulet of faith (around neck)
Scrolls
 b - a scroll of identify
 c - a scroll of blinking {unknown}
 f - a scroll of vulnerability {unknown}

Dungeon Overview and Level Annotations

Branches:
Dungeon (4/15)
 Temple: D:4-7

Altars:
Uskayaw

Shops:
D:1 *

Annotations:
D:2 exclusion: gnoll
D:4 Dowan, Grinder


Message History

Dowan hits you with a +0 dagger. Dowan closely misses you.
You furiously retaliate!
You headbutt Dowan. Grinder hits you but does no damage.
You shoot a sling bullet. The sling bullet hits Grinder.
Grinder is almost dead.
Dowan hits you with a +0 dagger. Dowan hits you but does no damage.
Grinder barely misses you.
You shoot a sling bullet.
The sling bullet closely misses Grinder.
Dowan hits you with a +0 dagger. Grinder barely misses you.
You furiously retaliate!
You headbutt Grinder. Dowan hits you with a +0 dagger.
You shoot a sling bullet.
The sling bullet hits Grinder but does no damage.
Grinder is almost dead.
Dowan closely misses you. Grinder hits you.
You shoot a sling bullet. The sling bullet barely misses Grinder.
Dowan hits you but does no damage.
Grinder blinks!
Dowan closely misses you.
You shoot a sling bullet. The sling bullet closely misses Dowan.
Dowan hits you with a +0 dagger. Grinder gestures at you.
You suddenly lose the ability to move!
Dowan hits you but does no damage. Dowan hits you with a +0 dagger. x5
Grinder gestures at you. You resist with significant effort.
Dowan shakes with grief.
Dowan hits you but does no damage.
You can move again.
You shoot a sling bullet. The sling bullet hits Dowan.
The sling bullet freezes Dowan.
Dowan is almost dead.
Dowan hits you with a +0 dagger.
You shoot a sling bullet. The sling bullet barely misses Dowan.
Dowan gestures wildly while chanting.
Dowan blinks!
Grinder says, "I used to sell toenails on the black market."
Grinder blinks!
You shoot a sling bullet. The sling bullet closely misses Dowan.
Dowan casts a spell at you. The stone arrow hits you!
You die...

.#..#.##.............#
#...#..............###
.......#...........#
.....##...........#
#...!......%)#..###
#............##...#
..##.#.......###.#...##
.....#¤)¤....#........# ..
.<........@.......#.......#
#.##..
###.###e..>....###...###
....# # ..........####.# #
#...# .........#..# ## .
#...# ####5.....##.##
.###..#### .# ...........#
.(.#...#.##..#
...##.###..##
.....<....#..##
..###.......#
..............#
..#####...######


You could see Grinder and Dowan (fast).

Vanquished Creatures
  Duvessa (D:4)
  An ogre (D:4)
  A sleepcap (D:4)
  Natasha (D:4)
  2 iguanas (D:4)
  A gnoll (D:2)
  6 adders
  2 worms
  2 dart slugs (D:3)
  An orc (D:3)
  9 endoplasms
  3 giant cockroaches
  4 hobgoblins
  A jackal (D:3)
  5 quokkas
  3 ball pythons
  6 bats
  A frilled lizard (D:3)
  6 goblins
  10 kobolds
  6 rats
72 creatures vanquished.

Notes
Turn   | Place    | Note
-------+----------+-------------------------------------------
     0 | D:1      | qw the Minotaur Hexslinger began the quest for the Orb.
     0 | D:1      | Reached XP level 1. HP: 16/16 MP: 1/1
     0 | D:1      | 0 ||| qw: Version: 0.3-a-46-gb1f654a
     0 | D:1      | 0 ||| qw: Game counter: 2023
     0 | D:1      | 0 ||| qw: Melee chars always use a shield: true
     0 | D:1      | 0 ||| qw: God list: Okawaru
     0 | D:1      | 0 ||| qw: Allow faded altars: false
     0 | D:1      | 0 ||| qw: Do Orc after clearing Dungeon:15 true
     0 | D:1      | 0 ||| qw: Do second Lair branch before Depths: true
     0 | D:1      | 0 ||| qw: Lair rune preference: random
     0 | D:1      | 0 ||| qw: Goals: Normal
     0 | D:1      | 0 ||| PLANNING D:1-11
    40 | D:1      | Found Itassych's General Store.
    45 | D:1      | 45 ||| SHOPLISTING +0 leather armour (20 gold, have 16).
    45 | D:1      | 45 ||| SHOPLISTING +1 swamp dragon scales (570 gold, have
                  | 16).
    45 | D:1      | 45 ||| SHOPLISTING potion of haste (100 gold, have 16).
    57 | D:1      | 57 ||| FLEEEEING.
    58 | D:1      | 58 ||| FLEEEEING.
    59 | D:1      | 59 ||| FLEEEEING.
   133 | D:1      | Reached skill level 3 in Ranged Weapons
   184 | D:1      | Reached XP level 2. HP: 23/23 MP: 2/2
   694 | D:1      | 694 ||| UPGRADING to +1 pair of gloves of dexterity.
   699 | D:1      | 699 ||| DROPPING amulet of magic regeneration.
   700 | D:1      | 700 ||| READING scroll labelled FACRIRPH ALITAS.
   701 | D:1      | 701 ||| DROPPING scroll of poison.
   787 | D:2      | Reached XP level 3. HP: 24/29 MP: 3/3
   802 | D:2      | 802 ||| FLEEEEING.
   803 | D:2      | 803 ||| FLEEEEING.
   804 | D:2      | 804 ||| FLEEEEING.
   805 | D:2      | 805 ||| FLEEEEING.
   929 | D:2      | HP: 5/29 [gnoll/+0 spear (8)]
   934 | D:2      | Reached skill level 4 in Ranged Weapons
  1708 | D:2      | 1708 ||| UPGRADING to amulet of regeneration.
  1713 | D:2      | 1713 ||| READING scroll labelled ASUEL VUFOLAUW.
  1718 | D:2      | 1718 ||| READING scroll labelled IRAKAG UFREU.
  1719 | D:2      | 1719 ||| READING 2 scrolls of identify.
  1719 | D:2      | 1719 ||| IDENTIFYING black potion
  1720 | D:2      | 1720 ||| DROPPING potion of attraction.
  1744 | D:3      | Reached XP level 4. HP: 34/36 MP: 4/4
  1856 | D:3      | Reached skill level 5 in Ranged Weapons
  2380 | D:3      | 2380 ||| UPGRADING to +0 leather armour.
  2390 | D:3      | 2390 ||| DROPPING +0 robe.
  2391 | D:3      | 2391 ||| UPGRADING to +0 pair of boots.
  2396 | D:3      | 2396 ||| UPGRADING to amulet of faith.
  2406 | D:3      | 2406 ||| READING scroll labelled AFINE ZARU.
  2407 | D:3      | 2407 ||| READING 2 scrolls of identify.
  2407 | D:3      | 2407 ||| IDENTIFYING inky potion
  2445 | D:4      | Noticed Natasha
  2455 | D:4      | Killed Natasha
  2456 | D:4      | Reached skill level 3 in Fighting
  2456 | D:4      | Reached XP level 5. HP: 35/45 MP: 5/5
  2467 | D:4      | 2467 ||| FLEEEEING.
  2468 | D:4      | 2468 ||| FLEEEEING.
  2469 | D:4      | 2469 ||| STAIRDANCE
  2503 | D:4      | Reached skill level 1 in Armour
  2535 | D:4      | Found a hide-covered altar of Uskayaw.
  2679 | D:4      | Noticed an ogre
  2685 | D:4      | Killed an ogre
  2686 | D:4      | Reached skill level 6 in Ranged Weapons
  2686 | D:4      | Reached XP level 6. HP: 34/51 MP: 6/6
  2807 | D:4      | Noticed Grinder
  2817 | D:4      | 2817 ||| FLEEEEING.
  2818 | D:4      | 2818 ||| FLEEEEING.
  2820 | D:4      | 2820 ||| FLEEEEING.
  2821 | D:4      | 2821 ||| FLEEEEING.
  2822 | D:4      | 2822 ||| FLEEEEING.
  2824 | D:4      | 2824 ||| FLEEEEING.
  2825 | D:4      | 2825 ||| FLEEEEING.
  2826 | D:4      | 2826 ||| FLEEEEING.
  2826 | D:4      | Noticed Duvessa
  2827 | D:4      | 2827 ||| FLEEEEING.
  2827 | D:4      | Noticed Dowan
  2828 | D:4      | 2828 ||| FLEEEEING.
  2840 | D:4      | Killed Duvessa
  2842 | D:4      | HP: 14/56 [Grinder (5)]
  2843 | D:4      | 2843 ||| DRINKING potion of heal wounds.
  2852 | D:4      | Paralysed by Grinder for 5 turns
  2854 | D:4      | HP: 12/56 [Dowan/+0 dagger (4)]
  2857 | D:4      | HP: 4/56 [Dowan/+0 dagger (4)]
  2859 | D:4      | Killed from afar by Dowan

Levels and vault maps discovered:
D:1:      nicolae_arrival_memento_mori, layout_loops_ring, serial_shops, shop
D:2:      layout_basic, minivault_11, kennysheep_generic_room_3
D:3:      minmay_diamond_boxcup, layout_loops_ring
D:4:      layout_cave_pools, nemelex_spade_bored_becter,
          mainiacjoe_overflow_paths, mainiacjoe_overflow_alcove_1, serial_shops,
          shop, nicolae_titane, uniq_duvessa, uniq_grinder, uniq_natasha,
          uniq_edmund

Skill      XL: |  1  2  3  4  5  6 |
---------------+-------------------+-----
Ranged Weapons | 3 4 5 6 |  6.1
Fighting       | 2 3 5 |  5.1
Armour         | 1 |  1.8
Dodging        | |  2.1
Spellcasting   | |  1.0
Hexes          | |  2.0

Action                     |  1- 3 |  4- 6 || total
---------------------------+-------+-------++-------
   Fire: Sling             |   119 |   139 ||   258
    Use: Scroll            |     4 |     2 ||     6
         Potion            |       |     1 ||     1
 Armour: Robe              |     9 |     4 ||    13
         Leather armour    |       |    21 ||    21
  Dodge: Dodged            |    24 |    48 ||    72

Table legend:
 A = Non-vault XP
 B = Vault XP
 C = Vault XP percentage of total XP
 D = Non-vault monster count
 E = Vault monster count
 F = Vault count percentage of total count
                 A         B        C        D         E       F
            +---------+---------+-------+---------+---------+-------
      Total |     398 |     217 |  35.3 |      61 |      11 |  15.3
            +---------+---------+-------+---------+---------+-------
        D:1 |      34 |       0 |   0.0 |      23 |       0 |   0.0
        D:2 |      41 |      15 |  26.8 |      14 |       1 |   6.7
        D:3 |      64 |      20 |  23.8 |      15 |       8 |  34.8
        D:4 |     259 |     182 |  41.3 |       9 |       2 |  18.2
            +---------+---------+-------+---------+---------+-------
